 Dungeon Crawl Stone Soup version 0.31-a0-986-g5e6e4ef867 (webtiles) character file.

Game seed: 12677417400846093442

30 AppTheSpectato the Firebug (level 2, -5/20 HPs)
             Began as a Demigod Fire Elementalist on Nov 8, 2023.
             Slain by a worm (10 damage)
             ... on level 2 of the Dungeon.
             The game lasted 00:02:30 (1034 turns).

AppTheSpectato the Firebug (DgFE)                   Turns: 1034, Time: 00:02:30

Health: -5/20      AC:  2    Str:  9    XL:     2   Next: 84%
Magic:  1/7        EV: 12    Int: 17    God:
Gold:   42         SH:  0    Dex: 20    Spells: 4/5 levels left

rFire   . . .        (no weapon)
rCold   . . .        (no shield)
rNeg    . . .        a - +0 robe
rPois   .            (no helmet)
rElec   .            (no cloak)
rCorr   .            (no gloves)
SInv    .            (no boots)
Will    .....        (no amulet)
Stlth   ++           c - +6 ring of dexterity
HPRegen 0.23/turn    (no ring)
MPRegen 0.10/turn

%: no passive effects
@: no status effects
A: high MP 1, forlorn, divine attributes
a: no special abilities


You were on level 2 of the Dungeon.
You visited 1 branch of the dungeon, and saw 2 of its levels.

You collected 42 gold pieces.

Inventory:

Armour
 a - a +0 robe (worn)
Jewellery
 c - a +6 ring of dexterity (left hand)
Scrolls
 d - 2 scrolls of identify {unknown}
 g - a scroll of teleportation {unknown}
 i - a scroll of poison {unknown}
Potions
 b - a potion of magic
 e - a potion of heal wounds {unknown}
 f - 2 potions of ambrosia {unknown}
 h - a potion of invisibility {unknown}


   Skills:
 - Level 0.9 Armour
 - Level 1.7 Dodging
 - Level 2.0 Stealth
 + Level 2.1 Spellcasting
 + Level 1.4 Conjurations
 + Level 3.0 Fire Magic


You had 4 spell levels left.
You knew the following spells:

 Your Spells              Type           Power      Damage    Failure   Level
a - Foxfire               Conj/Fire      36%        2x1d5     8%          1

Your spell library contained the following spells:

 Spells                   Type           Power      Damage    Failure   Level
 Scorch                   Fire           24%        2d6       9%          2
 Poisonous Vapours        Pois/Air       2%         N/A       28%         2
 Inner Flame              Hex/Fire       6%         N/A       30%         3
 Volatile Blastmotes      Fire/Tloc      12%        2d11      30%         3
 Mephitic Cloud           Conj/Pois/Air  3%         N/A       43%         3
 Flame Wave               Conj/Fire      9%         2d6       58%         4
 Freezing Cloud           Conj/Ice/Air   1%         6-21      99%         5


Dungeon Overview and Level Annotations

Branches:
Dungeon (2/15)


Innate Abilities, Weirdness & Mutations

You have an increased reservoir of magic. (+10% MP)
You shall have no god before yourself.
Your divine heritage dramatically boosts your attributes as you level up.


Message History

The worm is heavily wounded.
You hit the worm. You punch the worm.
The worm is severely wounded.
The worm bites you.
You barely miss the worm.
The worm is heavily wounded.
The worm misses you.
You hit the worm but do no damage.
The worm is heavily wounded.
You barely miss the worm. You punch the worm.
The worm is heavily wounded.
The worm bites you.
You are too injured to fight recklessly!
Casting: Foxfire (safe; 8% risk of failure)
Press: ? - help, Q - select action Dir - look around, f - activate You conjure some foxfire!
The worm misses you.
You hit the worm.
The worm is heavily wounded.
The foxfire hits the worm but does no damage.
The worm is heavily wounded.
The foxfire hits the worm but does no damage.
The worm is heavily wounded.
The worm barely misses you.
You hit the worm.
The worm is heavily wounded.
You hit the worm but do no damage.
The worm is heavily wounded.
The worm bites you but does no damage.
You hit the worm but do no damage.
The worm is heavily wounded.
You completely miss the worm.
The worm is heavily wounded.
The worm bites you!
* * * LOW HITPOINT WARNING * * *
You hit the worm.
The worm is heavily wounded.
The worm bites you!
Ouch! That really hurt!
You die...

........#
###.##
#....###
#.##...###
##.##+#...#
##..#
###.######
#..##
#......#
##'##
##'###.#
#@w.#
##...##
#.....#
##.....##
#...♣...#
#...♣(..#
##.....##
##.....##
##...##
##...##
##+## ##'##
##...##
##†....##
+...<...+


You could see a worm.

Vanquished Creatures
  A gnoll (D:1)
  A dart slug (D:1)
  4 ball pythons
  3 bats (D:1)
  An endoplasm (D:1)
  2 goblins (D:1)
  A hobgoblin (D:1)
  A quokka (D:1)
  2 frilled lizards (D:1)
  A kobold (D:1)
  A rat (D:1)
18 creatures vanquished.

Vanquished Creatures (others)
  101 foxfires
101 creatures vanquished.

Grand Total: 119 creatures vanquished

Notes
Turn   | Place    | Note
-------+----------+-------------------------------------------
     0 | D:1      | AppTheSpectato the Demigod Fire Elementalist began the
                  | quest for the Orb.
     0 | D:1      | Reached XP level 1. HP: 14/14 MP: 5/5
     9 | D:1      | Noticed a felid
    13 | D:1      | Noticed an elf
    15 | D:1      | Noticed a merfolk
    17 | D:1      | Noticed an elf
    57 | D:1      | Reached skill level 1 in Conjurations
   472 | D:1      | Reached XP level 2. HP: 20/20 MP: 2/7
   751 | D:1      | Reached skill level 3 in Fire Magic
  1034 | D:2      | Slain by a worm

Illustrated notes

Levels and vault maps discovered:
D:1:      shiori_arrival_whats_in_store_for_you, layout_rooms,
          solitary_fountain, skrybe_limestone_x
D:2:      layout_basic, serial_forest, infiniplex_forest_clump_curved,
          infiniplex_forest_straight_2, infiniplex_forest_end_3,
          infiniplex_forest_clump_small, infiniplex_forest_corner_1,
          infiniplex_forest_3_way, minmay_misc_feat_secret_circle,
          nicolae_hexahallways, uniq_crazy_yiuf_cottage

Skill      XL: |  1  2 |
---------------+-------+-----
Conjurations   | 1 |  1.4
Stealth        | 2 |  2.0
Spellcasting   | 2 |  2.1
Fire Magic     | 3 |  3.0
Armour         | |  0.9
Dodging        | |  1.7

Action                     || total
---------------------------++-------
  Melee: Unarmed           ||    14
         Punch             ||     2
   Cast: Foxfire           ||    61
 Armour: Robe              ||     7
  Dodge: Dodged            ||     4

Table legend: (Time is in decaauts)
 A = Elapsed time spent in this place.
 B = Non-inter-level travel time spent in this place.
 C = Inter-level travel time spent in this place.
 D = Time resting spent in this place.
 E = Time spent auto-exploring this place.
 F = Levels seen in this place.
 G = Mean time per level.
                   A        B        C        D        E       F      G
               +--------+--------+--------+--------+--------+-----+--------+
         Total |   1033 |   1008 |     25 |      0 |    867 |   2 |  516.5 |
       Dungeon |   1033 |   1008 |     25 |      0 |    867 |   2 |  516.5 |
               +--------+--------+--------+--------+--------+-----+--------+

Top non-repeatable levels by time:
     D:1: 938 daAuts
     D:2: 94 daAuts
